 Dungeon Crawl Stone Soup version 0.19.0-19-g8c6edcc (console) character file.

357 Kloppie the Skirmisher (level 6, -4/51 HPs)
             Began as a Demonspawn Berserker on Nov 12, 2016.
             Was a Believer of Trog.
             Splashed by Pikel's acid (12 damage)
             ... on level 5 of the Dungeon.
             The game lasted 00:04:43 (3348 turns).

Kloppie the Skirmisher (Demonspawn Berserker)       Turns: 3348, Time: 00:04:43

Health: -4/51      AC:  2    Str: 18    XL:     6   Next: 37%
Magic:  6/6        EV:  7    Int:  8    God:    Trog [**....]
Gold:   134        SH:  0    Dex: 14    Spells: 0 memorised, 5 levels left

rFire  . . .     SeeInvis .     a - +0 mace
rCold  . . .     Gourm    .     j - +0 chain mail
rNeg   . . .     Faith    .     (no shield)
rPois  .         Spirit   .     (no helmet)
rElec  .         Reflect  .     (no cloak)
rCorr  .         Harm     .     (no gloves)
MR     .....                    (no boots)
Stlth  ..........               (no amulet)
                                (no ring)
                                (no ring)

@: exhausted, corroded, slowed, very slow
A: iridescent scales 1, demonic guardian 1, powered by death 2
a: Berserk, Trog's Hand, Burn Spellbooks, Renounce Religion


You were on level 5 of the Dungeon.
You worshipped Trog.
Trog was pleased with you.
You were hungry.

You visited 1 branch of the dungeon, and saw 5 of its levels.

You collected 134 gold pieces.

Inventory:

Hand Weapons
 a - a +0 mace (weapon)
Armour
 j - a +0 chain mail (worn)
Scrolls
 e - a scroll of amnesia {unknown}
 i - 2 scrolls of identify {unknown}
 n - a scroll of remove curse {unknown}
 o - a scroll of immolation {unknown}
 p - 2 scrolls of noise {unknown}
 r - a scroll of fog {unknown}
 s - a scroll of recharging {unknown}
Potions
 b - a potion of invisibility {unknown}
 d - 3 potions of heal wounds {unknown}
 f - a potion of curing {unknown}
 k - 2 potions of cancellation {unknown}
 m - a potion of ambrosia {unknown}
 q - a potion of brilliance {unknown}
Books
 g - a book of Maledictions

   Spells                             Type                      Level
   a - Corona                         Hexes                        1
   b - Ensorcelled Hibernation        Hexes/Ice                    2
   c - Confuse                        Hexes                        3
   d - Tukima's Dance                 Hexes                        3
   e - Dazzling Spray                 Conjuration/Hexes            3
   Trog disapproves of the use of such an item.
Comestibles
 c - 2 bread rations


   Skills:
 + Level 5.6 Fighting
 + Level 4.9 Maces & Flails
 - Level 1.7 Armour
 - Level 1.7 Dodging


You had 5 spell levels left.
You didn't know any spells.

Dungeon Overview and Level Annotations

Branches:
Dungeon (5/15)
 Temple: D:4-7

Altars:
Cheibriados
Gozag
Uskayaw

Annotations:
D:5 Pikel


Innate Abilities, Weirdness & Mutations

You are partially covered in iridescent scales. (AC +2)
A weak demonic guardian rushes to your aid.
You regenerate health from kills.


Message History

Pikel closely misses you. The slave barely misses you.
You sock Pikel!
Pikel is heavily wounded.
Pikel hits you but does no damage.
You sock Pikel!
Pikel is almost dead.
You are no longer berserk.
You are exhausted.
You feel yourself slow down. The slave barely misses you.
Pikel hits you with a whip of freezing.
* * * LOW HITPOINT WARNING * * *
Pikel freezes you.
* * * LOW HITPOINT WARNING * * *
You hit Pikel but do no damage.
Pikel is almost dead.
The slave hits you but does no damage.
Pikel zaps a wand.
The bolt of acid hits you!
* * * LOW HITPOINT WARNING * * *
The acid corrodes you!
You are splashed with acid!
The acid burns!
You die...

#########
......K.#
#@# #p#
#5# #.#
#.# #.#
#.# #.#


You could see Pikel, a slave and a friendly shadow imp.

Vanquished Creatures
  Edmund (D:4)
  A slave (D:4)
  An orc wizard (D:4)
  Natasha (D:4)
  2 adders (D:3)
  8 gnolls (D:4)
  3 oozes
  A dart slug (D:1)
  6 leopard geckos
  6 orcs
  2 giant cockroaches
  6 goblins
  6 hobgoblins
  2 jackals (D:2)
  7 kobolds
  3 quokkas
  4 ball pythons (D:2)
  5 bats
  A frilled lizard (D:1)
  5 rats
71 creatures vanquished.

Notes
Turn   | Place    | Note
-------+----------+-------------------------------------------
     0 | D:1      | Kloppie the Demonspawn Berserker began the quest for the Orb.
     0 | D:1      | Reached XP level 1. HP: 18/18 MP: 1/1
   533 | D:1      | Gained mutation: You are partially covered in iridescent scales. (AC +2) [demonic ancestry]
   533 | D:1      | Reached XP level 2. HP: 24/24 MP: 2/2
  1148 | D:2      | Reached XP level 3. HP: 26/29 MP: 3/3
  1321 | D:2      | Found a hide-covered altar of Uskayaw.
  1521 | D:2      | Reached ** piety under Trog
  1918 | D:3      | Reached skill level 4 in Fighting
  1943 | D:3      | Gained mutation: You regenerate a little health from kills. [demonic ancestry]
  1943 | D:3      | Reached XP level 4. HP: 19/37 MP: 4/4
  2149 | D:3      | Found a snail-covered altar of Cheibriados.
  2155 | D:3      | Found an opulent altar of Gozag.
  2689 | D:4      | Noticed Natasha
  2702 | D:4      | Killed Natasha
  2851 | D:4      | Gained mutation: You regenerate health from kills. [demonic ancestry]
  2851 | D:4      | Reached XP level 5. HP: 40/43 MP: 5/5
  2946 | D:4      | Reached skill level 5 in Fighting
  2950 | D:4      | Reached *** piety under Trog
  3019 | D:4      | Noticed a slave
  3020 | D:4      | Noticed Edmund
  3021 | D:4      | Noticed a slave
  3023 | D:4      | Noticed Pikel
  3026 | D:4      | Noticed a slave
  3028 | D:4      | Noticed a slave
  3035 | D:4      | Killed a slave
  3045 | D:4      | Killed Edmund
  3045 | D:4      | Gained mutation: A weak demonic guardian rushes to your aid. [demonic ancestry]
  3045 | D:4      | Reached XP level 6. HP: 26/51 MP: 6/6
  3054 | D:4      | HP: 2/51 [something/puff of flame (13)]
  3055 | D:5      | Entered Level 5 of the Dungeon
  3348 | D:5      | Splashed by Pikel's acid

Skill      XL: |  1  2  3  4  5 |
---------------+----------------+-----
Maces & Flails | 3 4 |  4.9
Fighting       | 4 5 |  5.6
Armour         | |  1.7
Dodging        | |  1.7

Action                   |  1- 3 |  4- 6 || total
-------------------------+-------+-------++-------
Melee: Mace              |   159 |   156 ||   315
Invok: Berserk           |     2 |     5 ||     7
       Trog's Hand       |       |     1 ||     1
  Eat: Chunk             |     5 |     2 ||     7
       Meat ration       |       |     1 ||     1
       Royal jelly       |       |     1 ||     1
Armor: Animal skin       |    24 |       ||    24
       Chain mail        |    85 |   115 ||   200
Dodge: Dodged            |    89 |    69 ||   158
